 Dungeon Crawl Stone Soup version 0.31.0-11-ge490571c62 (webtiles) character file.

Game seed: 6007175835379085991

2153 ces the Skirmisher (level 9, 0/41 HPs)
             Began as a Spriggan Hunter on Jan 30, 2024.
             Was an Initiate of Gozag.
             Slain by a hornet (3 damage)
             ... while paralysed by a hornet
             ... on level 7 of the Dungeon.
             The game lasted 00:10:13 (5725 turns).

ces the Skirmisher (Spriggan Hunter)                Turns: 5725, Time: 00:10:14

Health: 0/41       AC:  6    Str:  7    XL:     9   Next: 10%
Magic:  0/10       EV:  4    Int: 10    God:    Gozag
Gold:   767        SH:  0    Dex: 23    Spells: 8/8 levels left

rFire   . . .        a - +0 shortbow
rCold   . . .        (shield currently unavailable)
rNeg    . . .        c - +0 robe
rPois   .            (helmet restricted)
rElec   .            (no cloak)
rCorr   .            (gloves unavailable)
SInv    +            (boots unavailable)
Will    +....        k - amulet of guardian spirit
Stlth   ++           h - +4 ring of protection
HPRegen 0.26/turn    (no ring)
MPRegen 0.12/turn

%: guardian spirit
@: paralysed, lethally poisoned (0 -> -29), hasted and slowed, very quick
A: very small, no large weapons, unfitting armour, see invisible, speed 3
a: Renounce Religion, Potion Petition, Call Merchant, Bribe Branch


You were on level 7 of the Dungeon.
You worshipped Gozag.
Gozag was pleased with you.
You visited 2 branches of the dungeon, and saw 8 of its levels.

You collected 818 gold pieces.
You paid 51 gold pieces to Gozag.

Inventory:

Hand Weapons
 a - a +0 shortbow (weapon)
Missiles
 v - 3 throwing nets
Armour
 c - a +0 robe (worn)
Jewellery
 h - a +4 ring of protection (left hand)
 k - an amulet of guardian spirit (around neck)
Wands
 u - a wand of flame (17)
Scrolls
 d - a scroll of amnesia {unknown}
 f - a scroll of fog
 g - a scroll of fear {unknown}
 j - 4 scrolls of noise
 l - a scroll of brand weapon {unknown}
 q - a scroll of revelation
 r - a scroll of enchant armour {unknown}
 s - 2 scrolls of teleportation
 t - a scroll of enchant weapon {unknown}
 y - a scroll of identify
Potions
 b - a potion of haste
 e - 2 potions of heal wounds
 i - 2 potions of ambrosia
 m - a potion of magic
 n - 3 potions of might {unknown}
 o - a potion of cancellation
 p - a potion of enlightenment {unknown}
 w - 2 potions of mutation {unknown}
 x - a potion of degeneration {unknown}


   Skills:
 - Level 1.5 Fighting
 * Level 12.6 Ranged Weapons
 - Level 2.6 Dodging
 - Level 1.5 Stealth


You had 8 spell levels left.
You didn't know any spells.
Your spell library contained the following spells:

 Spells                   Type           Power      Damage    Failure   Level
 Freeze                   Ice            0%         1d3       36%         1
 Lesser Beckoning         Tloc           0%         N/A       50%         2
 Frozen Ramparts          Ice            0%         1d1       75%         3
 Gell's Gravitas          Tloc           0%         N/A       75%         3
 Hailstorm                Conj/Ice       0%         3d5       75%         3
 Teleport Other           Tloc           0%         N/A       75%         3


Dungeon Overview and Level Annotations

Branches:
Dungeon (7/15)             Temple (1/1) D:4

Altars:
Ashenzari
Dithmenos
Elyvilon
Fedhas
Gozag
Kikubaaqudgha
Makhleb
Qazlal
Ru
Sif Muna
Trog
Uskayaw
Vehumet
Wu Jian
Xom
Yredelemnul
Zin
The Shining One

Annotations:
D:2 Jessica
D:5 3 runed translucent doors, Jokingforfun's ghost, novice OpCj


Innate Abilities, Weirdness & Mutations

You are very small and have problems with some larger weapons.
You are too small for most types of armour.
You have supernaturally acute eyesight. (SInv)
You cover ground extremely quickly. (Speed+++)


Message History

The arrow hits the hornet but does no damage.
The hornet is moderately wounded.
The hornet barely misses you.
You shoot an arrow. The arrow misses the hornet.
The hornet stings you.
You feel yourself slow down.
You shoot an arrow. The arrow hits the hornet!
The hornet is severely wounded.
The hornet barely misses you. The hornet stings you.
You are poisoned.
You feel as though you will be slow longer.
You shoot an arrow. The arrow hits the hornet.
The hornet is severely wounded.
You feel very sick.
The hornet stings you but does no damage.
The hornet stings you.
You are more poisoned.
You suddenly lose the ability to move!
You feel very sick. The hornet stings you!
You are more poisoned.
You feel as though you will be slow longer.
You can move again.
It was a potion of haste.
You feel yourself speed up.
* * * LOW HITPOINT WARNING * * *
You feel extremely sick. The hornet closely misses you. The hornet stings you.
* * * LOW HITPOINT WARNING * * *
You are more poisoned.
You feel as though you will be slow longer.
You feel much better.
You feel extremely sick. The hornet completely misses you.
The hornet stings you!
* * * LOW HITPOINT WARNING * * *
You are more poisoned.
You suddenly lose the ability to move!
* * * LOW HITPOINT WARNING * * *
You feel extremely sick. The hornet stings you.
You die...
Your body crumbles into a pile of gold.

#[# ###.# ###### #...# .....#
#.######## ......## ..
#......... ......... .....
#......## .......# .....#
#......# .......#####.....#
#......# ######y.............#
#......# #....@..............#
#......#####...............P...#
'.....................>....P...#
#...########...............P...#
....# #...............P...#
##+## #...................# .
######..............#
#..........P...#
#..........P...#


You could see a hornet.

Vanquished Creatures
  Grinder (D:6)
  Sigmund (D:2)
  Eustachio (D:5)
  A wyvern (D:5)
  Edmund (D:5)
  An ice beast (D:7)
  A black bear (D:4)
  A phantom (D:5)
  Blork the orc (D:6)
  A bullfrog (D:4)
  5 scorpions
  3 wights (D:7)
  A howler monkey (D:5)
  2 bombardier beetles
  2 hounds
  A gnoll bouda (D:6)
  An orc priest (D:4)
  A sleepcap (D:6)
  An orc wizard (D:6)
  An iguana (D:5)
  4 adders
  11 gnolls
  A white imp (D:3)
  2 ufetubi (D:6)
  3 ribbon worms
  A dart slug (D:2)
  8 orcs
  6 ball pythons
  4 bats
  4 endoplasms
  5 giant cockroaches
  3 goblins
  6 hobgoblins
  2 jackals (D:1)
  6 quokkas
  3 frilled lizards
  3 kobolds
  7 rats
107 creatures vanquished.

Notes
Turn   | Place    | Note
-------+----------+-------------------------------------------
     0 | D:1      | ces the Spriggan Hunter began the quest for the Orb.
     0 | D:1      | Reached XP level 1. HP: 10/10 MP: 2/2
   113 | D:1      | Reached XP level 2. HP: 14/14 MP: 3/3
   577 | D:2      | Noticed Sigmund
   690 | D:2      | Reached skill level 5 in Ranged Weapons
   690 | D:2      | Reached XP level 3. HP: 18/18 MP: 4/4
   761 | D:2      | Noticed Jessica
  1191 | D:3      | Reached XP level 4. HP: 22/22 MP: 5/5
  1251 | D:3      | Reached skill level 6 in Ranged Weapons
  1375 | D:3      | Found a glowing silver altar of Zin.
  1381 | D:3      | Found a basalt altar of Yredelemnul.
  2041 | D:2      | Killed Sigmund
  2042 | D:2      | Reached skill level 7 in Ranged Weapons
  2042 | D:2      | Reached XP level 5. HP: 19/25 MP: 6/6
  2042 | D:2      | Reached XP level 6. HP: 22/30 MP: 7/7
  2359 | D:4      | Found a staircase to the Ecumenical Temple.
  2518 | D:4      | Reached skill level 8 in Ranged Weapons
  2540 | Temple   | Entered the Ecumenical Temple
  2563 | Temple   | Became a worshipper of Gozag Ym Sagoz the Greedy
  2594 | D:5      | Entered Level 5 of the Dungeon
  2626 | D:4      | Reached XP level 7. HP: 33/33 MP: 8/8
  3061 | D:4      | Reached skill level 9 in Ranged Weapons
  3139 | D:5      | Noticed Eustachio
  3686 | D:5      | Killed Eustachio
  3687 | D:5      | Reached skill level 10 in Ranged Weapons
  3687 | D:5      | Reached XP level 8. HP: 15/37 MP: 9/9
  4232 | D:5      | Found a runed translucent gate.
  4232 | D:5      | Found an opulent altar of Gozag.
  4232 | D:5      | Found a runed translucent gate.
  4233 | D:5      | Found a runed translucent gate.
  4235 | D:5      | Noticed Jokingforfun's ghost (novice OpCj)
  4289 | D:5      | Noticed Edmund
  4720 | D:5      | Killed Edmund
  4721 | D:5      | Reached skill level 11 in Ranged Weapons
  4839 | D:6      | Noticed Grinder
  4854 | D:6      | Killed Grinder
  4879 | D:6      | Noticed Blork the orc
  4888 | D:6      | Killed Blork the orc
  5034 | D:6      | Reached skill level 12 in Ranged Weapons
  5084 | D:6      | Found a glowing golden altar of the Shining One.
  5610 | D:7      | Reached XP level 9. HP: 41/41 MP: 10/10
  5671 | D:7      | Found a stormy altar of Qazlal.
  5721 | D:7      | Paralysed by a hornet for 2 turns
  5724 | D:7      | Paralysed by a hornet for 3 turns
  5725 | D:7      | Slain by a hornet

Illustrated notes

Levels and vault maps discovered:
D:1:      tarquinn_simple_flora_water_b, layout_rooms, minivault_26
D:2:      layout_loops_corners, uniq_sigmund, uniq_jessica
D:3:      layout_basic, gammafunk_temple_overflow_pools, grunt_ministairs_2
D:4:      layout_gridville, minmay_temple_entry_statues_fountains
D:5:      layout_loops_ring, ebering_ghost_gozag, uniq_edmund, uniq_eustachio
D:6:      layout_basic, amcnicky_altar_gilded, uniq_grinder, uniq_blork_the_orc
D:7:      layout_basic, mainiacjoe_overflow_boulevard,
          kennysheep_generic_room_11
Temple:   minmay_temple_curvy_branch

Skill      XL: |  1  2  3  4  5  6  7  8 |
---------------+-------------------------+-----
Ranged Weapons | 5 7 8 10 12 | 12.6
Fighting       | |  1.5
Dodging        | |  2.6
Stealth        | |  1.5

Action                     |  1- 3 |  4- 6 |  7- 9 || total
---------------------------+-------+-------+-------++-------
   Fire: Shortbow          |   118 |   108 |   306 ||   532
    Use: Scroll            |       |     1 |     8 ||     9
         Potion            |       |       |     2 ||     2
 Armour: Robe              |     5 |    10 |    62 ||    77
  Dodge: Dodged            |    33 |    18 |   141 ||   192
